Cogmind - Beta 9.6 @@@ ROGUE MODE // 2020.07.24 @ 19:46:06 Player: Gaef Result: Destroyed by G-34 Mercenary with Small Laser Performance ------------- Evolutions (1) 500 Regions Visited (4) 800 Robots Destroyed (12) 60 Value Destroyed (320) 320 Prototype IDs (0) 0 Alien Tech Used (0) 0 Bonus (0) 0 TOTAL SCORE: 1680 Bonus ------- None Cogmind --------- Core Integrity 0/400 Matter 290/300 Energy 82/100 System Corruption 0% Temperature Cool (15) Movement Core (50) Location -9/Storage Parts ------- > --- POWER (1) -------- (None) > --- PROPULSION (3) --- (None) > --- UTILITY (2) ------ Visual Processing Unit > --- WEAPON (3) ------- Small Laser > --- INVENTORY (4) ---- Medium Matter Pod (100) Peak State ------------ > --- POWER ------------ Light Ion Engine > --- PROPULSION ------- Aluminum Leg Aluminum Leg > --- UTILITY ---------- Visual Processing Unit > --- WEAPON ----------- Medium Laser Small Laser > --- INVENTORY -------- Light Ion Engine Medium Matter Pod Medium Matter Pod Light Assault Rifle [Rating: 7] Favorites ----------- Power Light Ion Engine Engine Light Ion Engine Propulsion Aluminum Leg Leg Aluminum Leg Utility Visual Processing Unit Processor Visual Processing Unit Weapon Small Laser Energy Gun Small Laser Ballistic Gun Light Assault Rifle Special Weapon Mining Laser Build | -11 -10 -10 -9 -9 ------- Run | Scr Mat Min Mat Sto Slots Evolved 2 | . . . 2 . Power . | . . . . . Propulsion 1 | . . . 1 . Utility . | . . . . . Weapon 1 | . . . 1 . Parts Attached 13 | 5 1 5 1 1 Power 3 | 1 . 2 . . Engine 3 | 1 . 2 . . Core . | . . . . . Reactor . | . . . . . Propulsion 2 | 2 . . . . Treads . | . . . . . Leg 2 | 2 . . . . Wheel . | . . . . . Hover . | . . . . . Flight . | . . . . . Utility 1 | . 1 . . . Device . | . . . . . Storage . | . . . . . Processor 1 | . 1 . . . Hackware . | . . . . . Protection . | . . . . . Artifact . | . . . . . Weapon 7 | 2 . 3 1 1 Energy Gun 4 | 2 . . 1 1 Energy Cannon . | . . . . . Ballistic Gun 2 | . . 2 . . Ballistic Cannon . | . . . . . Launcher . | . . . . . Special Weapon 1 | . . 1 . . Impact Weapon . | . . . . . Slashing Weapon . | . . . . . Piercing Weapon . | . . . . . Special Melee Weapon . | . . . . . Unidentified Prototypes . | . . . . . Parts Lost 10 | . . 6 4 . Power 2 | . . 1 1 . Propulsion 2 | . . 2 . . Utility . | . . . . . Weapon 6 | . . 3 3 . Highest Loss Streak 6 | . . 6 4 . Average Slot Usage (%) 66 | . 74 79 33 11 Engine 11 | . 14 13 7 . Leg 20 | . 28 25 . . Processor 10 | . 3 14 11 11 Energy Gun 20 | . 28 23 1 . Ballistic Gun 2 | . . 1 12 . Naked Turns . | . . . . . Heaviest Build 8 | 6 6 8 5 . Greatest Support 20 | 20 20 20 3 3 Greatest Overweight (x) 1 | . . 1 1 . Average Overweight (x) . | . . . . . Largest Inventory Capacity 4 | 4 4 4 4 4 Average Capacity 4 | 4 4 4 4 4 Most Carried 4 | 4 4 4 2 2 Average Carried 2 | 2 3 3 1 1 Final Capacity 4 | 4 4 4 4 4 Final Carried 4 | 3 4 1 1 1 Class Distribution -------------------- 100% | Mutant Dominant Class ---------------- Mutant | -10/Materials Mutant | -10/Mines Mutant | -9/Materials Mutant | -9/Storage Resources | -11 -10 -10 -9 -9 ----------- Run | Scr Mat Min Mat Sto Matter Collected 404 | 313 38 20 33 . Remotely . | . . . . . Salvage Created 318 | 57 38 104 69 50 Parts 31 | 7 6 9 5 4 Haulers Intercepted . | . . . . . Recyclers Shooed . | . . . . . Parts Field Recycled . | . . . . . Retrieved Matter . | . . . . . Parts Self-Destructed . | . . . . . Prevented . | . . . . . Kills | -11 -10 -10 -9 -9 ------- Run | Scr Mat Min Mat Sto Combat Hostiles Destroyed 9 | 1 . 5 2 1 Melee 1 | . . . . 1 Guns 6 | 1 . 3 2 . Cannons 2 | . . 2 . . Classes Destroyed 4 | 2 1 1 . . Worker 1 | 1 . . . . Watcher 2 | . 2 . . . Swarmer 3 | . . 3 . . Grunt 6 | 1 . 2 2 1 Best Kill Streak 2 | 1 1 2 2 1 Combat Bots Only 2 | 1 . 2 2 1 Max Kills in Single Turn 1 | 1 1 1 1 1 Gunslinging . | . . . . . Exploded . | . . . . . Melee 1 | . . . . 1 Uniques/NPCs Destroyed . | . . . . . Combat | -11 -10 -10 -9 -9 -------- Run | Scr Mat Min Mat Sto Damage Taken 1061 | 11 . 412 504 134 Core 449 | . . 48 300 101 Absorbed by Shields . | . . . . . Core Remaining (%) 90 | 100 . 80 . . Volleys Fired 38 | 3 3 19 12 1 Largest 2 | 2 2 2 2 1 Hottest 140 | 90 90 140 40 40 Shots Fired 60 | 6 6 31 16 1 Gun 55 | 6 6 26 16 1 Cannon . | . . . . . Launcher . | . . . . . Special 5 | . . 5 . . Kinetic 13 | . . 2 11 . Thermal 47 | 6 6 29 5 1 Explosive . | . . . . . Electromagnetic . | . . . . . Robot Hit Streak 8 | 6 7 2 8 . Robot Miss Streak 4 | . 1 4 1 1 Penetration Max . | . . . . . Secondary Targets 1 | . . 1 . . Max Gunslinging Chain 1 | . . 1 . . Shots Hit Robots 36 | 6 3 13 14 . Core Hits 19 | 3 2 7 4 3 Critical Hits . | . . . . . Critical Kills . | . . . . . Critical Parts Destroyed . | . . . . . Melee Attacks . | . . . . . Impact . | . . . . . Slashing . | . . . . . Piercing . | . . . . . Sneak Attacks . | . . . . . Combat Hostiles . | . . . . . Follow-up Attacks . | . . . . . Damage Inflicted 471 | 70 25 222 130 24 Guns 299 | 70 25 74 130 . Cannons . | . . . . . Explosions 96 | . . 96 . . Melee . | . . . . . Ramming 28 | . . 4 . 24 Kinetic 83 | . . 7 76 . Thermal 360 | 70 25 211 54 . Explosive . | . . . . . Electromagnetic . | . . . . . Impact . | . . . . . Slashing . | . . . . . Piercing . | . . . . . Highest Corruption . | . . . . . Average Corruption . | . . . . . Corruption Purged . | . . . . . Overload Shots . | . . . . . Overflow Damage 67 | . . 67 . . Projectiles . | . . . . . Explosions 67 | . . 67 . . Melee . | . . . . . Knockbacks . | . . . . . Impact . | . . . . . Kinetic . | . . . . . Secondary . | . . . . . Self-Inflicted Damage 65 | . . 54 . 11 Shots 1 | . . 1 . . Rammed 8 | . . 2 . 6 Targets Rammed 8 | . . 2 . 6 Kicked . | . . . . . Crushed . | . . . . . Highest Temperature 208 | 66 60 208 15 . Average Temperature 72 | 30 27 97 7 . Received Heat Transfer 327 | 6 . 36 228 57 Siege Activations . | . . . . . Robots Corrupted . | . . . . . Combat Hostiles . | . . . . . Parts Fried . | . . . . . Impact Corruptions . | . . . . . Robots Melted . | . . . . . Combat Hostiles . | . . . . . Parts Melted . | . . . . . Heat Transferred 759 | 186 74 374 125 . Parts Sabotaged . | . . . . . Parts Stolen . | . . . . . Parts Stripped . | . . . . . Power Chain Reactions . | . . . . . Missiles Intercepted . | . . . . . Alert | -11 -10 -10 -9 -9 ------- Run | Scr Mat Min Mat Sto Peak Influence 120 | 25 30 120 101 104 Average Influence 35 | 5 21 47 63 44 Maximum Alert Level . | . . . . . Low Security (%) 100 | 100 100 100 100 100 Level 1 . | . . . . . Level 2 . | . . . . . Level 3 . | . . . . . Level 4 . | . . . . . Level 5 . | . . . . . High Security . | . . . . . Max Security . | . . . . . Squads Dispatched 3 | . . . 2 1 Investigation 1 | . . . 1 . Extermination . | . . . . . Reinforcement 2 | . . . 1 1 Assault . | . . . . . Garrison . | . . . . . Intercept . | . . . . . Construction Impeded . | . . . . . Haulers Reinforced . | . . . . . Stealth | -11 -10 -10 -9 -9 --------- Run | Scr Mat Min Mat Sto Distress Signals . | . . . . . Communications Jammed . | . . . . . Distress Signals . | . . . . . Times Spotted 17 | 1 2 5 5 4 Peak Tracking Total 5 | 1 1 3 5 4 Tactical Retreats . | . . . . . Traps | -11 -10 -10 -9 -9 ------- Run | Scr Mat Min Mat Sto Traps Triggered 1 | . . . 1 . Indirectly . | . . . . . Trap Hack Attempts . | . . . . . Triggered . | . . . . . Disarmed . | . . . . . Reprogrammed . | . . . . . Reused . | . . . . . Traps Extracted . | . . . . . Installed . | . . . . . Triggered . | . . . . . Machines | -11 -10 -10 -9 -9 ---------- Run | Scr Mat Min Mat Sto Machines Disabled 4 | . . 4 . . Max in Single Turn 2 | . . 2 . . Machines Sabotaged . | . . . . . Garrisons Compromised . | . . . . . Overloaded Fab Kills . | . . . . . Fab Network Shutdowns . | . . . . . Hacking | -11 -10 -10 -9 -9 --------- Run | Scr Mat Min Mat Sto Machines Accessed 2 | . 2 . . . Terminals 1 | . 1 . . . Fabricators . | . . . . . Repair Stations . | . . . . . Recycling Units 1 | . 1 . . . Scanalyzers . | . . . . . Garrison Access . | . . . . . Total Hacks 3 | . 3 . . . Successful 3 | . 3 . . . Failed . | . . . . . Catastrophic . | . . . . . Database Lockouts . | . . . . . Manual . | . . . . . Terminals 2 | . 2 . . . Fabricators . | . . . . . Repair Stations . | . . . . . Recycling Units 1 | . 1 . . . Scanalyzers . | . . . . . Garrison Access . | . . . . . Terminal Hacks 2 | . 2 . . . Record 2 | . 2 . . . Fabricator Hacks . | . . . . . Repair Station Hacks . | . . . . . Recycling Unit Hacks 1 | . 1 . . . Report Inventory 1 | . 1 . . . Scanalyzer . | . . . . . Garrison Access Hacks . | . . . . . Unauthorized Hacks . | . . . . . Terminals . | . . . . . Fabricators . | . . . . . Repair Stations . | . . . . . Recycling Units . | . . . . . Scanalyzers . | . . . . . Garrison Access . | . . . . . Data Cores Recovered . | . . . . . Used . | . . . . . Hacking Detections . | . . . . . Full Trace Events . | . . . . . Feedback Events . | . . . . . Feedback Blocked . | . . . . . Robot Schematics Acquired . | . . . . . Robots Built . | . . . . . Matter . | . . . . . Time . | . . . . . Total Robot Build Rating . | . . . . . Part Schematics Acquired . | . . . . . Parts Built . | . . . . . Matter . | . . . . . Time . | . . . . . Total Part Build Rating . | . . . . . Parts Repaired . | . . . . . Time . | . . . . . Parts Recycled . | . . . . . Recycled Matter . | . . . . . Retrieved Matter . | . . . . . Retrieved Components . | . . . . . Parts Scanalyzed . | . . . . . Part Schematics Acquired . | . . . . . Parts Damaged . | . . . . . Bothacking | -11 -10 -10 -9 -9 ------------ Run | Scr Mat Min Mat Sto Used RIF Installer . | . . . . . Robots Hacked . | . . . . . Non-combat . | . . . . . Combat . | . . . . . Robot Hacks Applied . | . . . . . Relay Couplers Released . | . . . . . Robots Rewired . | . . . . . Allies Hacked . | . . . . . Hacks Repelled . | . . . . . Allies | -11 -10 -10 -9 -9 -------- Run | Scr Mat Min Mat Sto Total Allies 1 | . . 1 . . Largest Group 1 | . . 1 . . Highest-Rated Group 31 | . . 31 . . Highest-Rated Ally 31 | . . 31 . . Total Orders . | . . . . . Ally Attacks 5 | . . 5 . . Total Damage 107 | . . 107 . . Kills . | . . . . . Allies Corrupted . | . . . . . Allies Melted . | . . . . . Intel | -11 -10 -10 -9 -9 ------- Run | Scr Mat Min Mat Sto Robot Analysis Total . | . . . . . Derelict Logs Recovered . | . . . . . Drone Launches . | . . . . . Drone Recoveries . | . . . . . Exploration | -11 -10 -10 -9 -9 ------------- Run | Scr Mat Min Mat Sto Turns Passed 674 | 134 128 306 56 50 Spaces Moved 511 | 106 98 191 36 80 Core 161 | 25 . 20 36 80 Treads . | . . . . . Legs 350 | 81 98 171 . . Wheels . | . . . . . Hover . | . . . . . Flight . | . . . . . Fastest Speed 50 | 50 120 50 50 50 Average Speed 101 | 103 120 116 79 50 Slowest Speed 120 | 120 120 120 100 50 Overloaded Moves . | . . . . . Propulsion Burnouts . | . . . . . Robots Hopped . | . . . . . Cave-ins Triggered . | . . . . . Exploration Rate (%) 16 | 7 20 37 5 11 Regions Visited 4 Branch Regions 2 Pre-discovered Areas . | . . . . . Known Exits Taken . | . . . . . Unknown Exits Taken 4 | 1 1 1 1 . Scrap Searched . | . . . . . Spaces Dug . | . . . . . Terrain Destroyed 8 | . . 8 . . Melee . | . . . . . Projectile . | . . . . . AOE 8 | . . 8 . . Actions | -11 -10 -10 -9 -9 --------- Run | Scr Mat Min Mat Sto Total 599 | 125 102 234 49 89 Wait 12 | . . 12 . . Move 507 | 105 97 190 35 80 Hop . | . . . . . Pick Up 16 | 10 1 3 1 1 Fast Attach 2 | . 1 1 . . Attach 11 | 5 . 4 1 1 Detach . | . . . . . Swap . | . . . . . Drop 5 | 2 . 3 . . Fire 38 | 3 3 19 12 1 Melee . | . . . . . Ram 8 | . . 2 . 6 Kick . | . . . . . Crush . | . . . . . Escape Stasis . | . . . . . Rewire . | . . . . . Trap . | . . . . . Miscellaneous . | . . . . . Route ------- -11/Scrapyard -10/Materials -10/Mines -9/Materials -9/Storage History --------- Turn | Location | Event 2 | -11/Scrapyard | Met Revision 17 107 | -11/Scrapyard | Discovered new exit (range 8) 135 | -11/Scrapyard | Entered Materials 163 | -10/Materials | Discovered new exit (range 12) 263 | -10/Materials | Entered Mines 266 | -10/Mines | Received a Mining Laser from a helpful Derelict 306 | -10/Mines | Build established: Mutant 556 | -10/Mines | Discovered new exit (range 10) 569 | -10/Mines | Entered Materials 569 | -9/Materials | Evolved 2 slots: Propulsion x1, Weapon x1 570 | -9/Materials | Lost 6 parts (1p2n3w) 572 | -9/Materials | Discovered new exit (range 18) 620 | -9/Materials | Core integrity fell below 50% 625 | -9/Materials | Entered Storage 650 | -9/Storage | Lost 4 parts (1p3w) 666 | -9/Storage | Core integrity fell below 20% 675 | -9/Storage | Destroyed by G-34 Mercenary with Small Laser Last Messages --------------- Lgt. Assault Rifle destroyed. Acquired 33 matter. Lgt. Ion Engine destroyed. Acquired Sml. Laser. Terminal disabled. Sml. Laser destroyed. LOCATION=UNKNOWN GOAL=ESCAPE ALERT: Hostiles spotted, dispatching reinforcements to Terminal S007. Slammed into G-34 Mercenary. Visual Processing Unit permanently disabled. Destabilizing: Short circuit. Slammed into G-34 Mercenary. K-01 Serf cleans the Transfer Shaft. Slammed into G-34 Mercenary. G-34 Mercenary destroyed. [Achievement: Fist Fight] K-01 Serf cleans the Transfer Shaft. Acquired Sml. Laser. [Achievement: First Step to Greatness] Map ----- +----------------------------------------------------+ | ??????????????????????????????? #????????? | | ??????????????????????????????? +????????? | | ???????????????????????????????# #????????? | | ???????????????????????????????? #????????? | | ???????????????????????????????# #????????? | | ???????????????????????????????+ +????????? | | ???????????????????????????????? #????????? | | ????????????????????????????????# #????????? | | ????????????????????????????????# #####????? | | ????????????????????????????????# #????? | | ????????????????????????????????# ### #????? | | ????????????????????????????????# #?# #????? | | ????????????????????????????????# #?# #????? | | ?????????????????????????########+### ##???? | | ?????????????????????????# ## #???? | | ?????????????????????????# """"" + #???? | | ?????????????????????????# "???" ## #???? | | ?????????????????????????# ""??" ## #???? | | ?????????????????????????# "??"" ## #???? | | ?????????????????????????# "???" ## #???? | | ?????????????????????????# """"" ## #???? | | ?????????????????######### ## #???? | | ????????????????? # ## #???? | | ???????????????? """ """=#+###+##### #???? | | ???????????????# """ """%#! #???? | | ???????????????# """ """%@ #???? | | ???????????????# %%#% #???? | | ???????????????# g*########### #???? | | ???????????????# #?????????# #???? | | ???????????????# Y #?????????# #???? | | ???????????????## ##" "###?????????# #???? | | ????????????????#??#"G"????????????# #???? | | ???????????????????# " ????????????# #???? | | ???????????????????####????????????# #???? | | ???????????????????????????????????#####???? | | ???????????????????????????????????????????? | | ???????????????????????????????????????????? | | ???????????????????????????????????????????? | | ???????????????????????????????????????????? | | | | | | | | | | | | | | | | | | | | | | | +----------------------------------------------------+ Best States ------------- Heat Dissipation 28 Energy Generation 10 Energy Capacity 250 Matter Stores 300 Matter Capacity 300 Sight Range 18 Terrain Scan Density 10 Evasion (%) 50 Item Schematics ----------------- None Robot Schematics ------------------ None Fabricated ------------ Nothing Alien Tech Used ----------------- None Achievements -------------- First Step to Greatness Fist Fight Challenges ------------ None Game ------ Seed TerrabombRecyclingAmplifier Manual? 0 Play Time 00:21:21 Cumulative 0.6 hours Start 2020.07.24 @ 19:19:54 End 2020.07.24 @ 19:46:06 Sessions 1 Manual Loads 0 Difficulty Rogue Special Mode None Game No. 2 Rogue 2 Adventurer 0 Explorer 0 Win Type - Total 0 Types 0/0/0/0/0/0/0 Lore% 1 Gallery% 3 Achievement% 3 Wizard Run 0 Options --------- ASCII 0 Keyboard 0 Movement Numpad Keybinds 0 Fullscreen 1 Font 18/SmallcapsGlow Map View 76x50 Tactical HUD 0 Map Filters NONE Filters NONE Steam 1 RUN: 77a14297-a8b7-4518-860d-d92d23649ef5